Map: Ulrena

Players

Physician - Winner!

  • Race: Terran Terran
  • League: Diamond

ILLBdA

  • Race: Protoss Protoss
  • League: Diamond

VOD

Have the link to the VOD?

Description

Time

  • Played on: Dec. 20, 2015, 9:03 a.m.
  • Length: 19:18
Show
View Real Time Build Order
Export as new Build Order

Physician Terran - Winner!

Build Orders: Command Center First (CC), MMM Bio 

Get SALT Encoding   

  12  0:01  SCV  
  13  0:13  SCV  
  14  0:25  SCV, Supply Depot  
  15  0:47  SCV  
  16  1:01  Command Center  
  16  1:03  SCV  
  17  1:11  Refinery  
  17  1:22  Barracks  
  17  1:34  Refinery  
  16  1:40  Barracks  
  16  1:45  SCV  
  17  2:03  Supply Depot, SCV  
  18  2:09  Marine  
  19  2:16  Bunker  
  19  2:25  Supply Depot  
  19  2:30  Marine  
  19  2:34  SCV  
  21  2:38  Marine  
  22  2:51  Marine  
  23  2:52  Orbital Command  
  23  2:56  Marine  
  25  3:06  Orbital Command  
  25  3:10  Marine  
  25  3:20  Factory  
  25  3:23  Marine  
  25  3:25  SCV  
  27  3:33  Orbital Command  
  27  3:34  Marine  
  28  3:40  Refinery  
  28  3:44  Barracks Tech Lab  
  28  3:45  Ghost Academy  
  30  4:10  SCV x2  
  30  4:14  Barracks Tech Lab, Ghost  
  30  4:15  Factory Tech Lab  
  32  4:21  Supply Depot  
  32  4:22  SCV  
  32  4:23  SCV  
  34  4:29  Engineering Bay  
  34  4:32  Ghost  
  34  4:36  SCV  
  34  4:37  SCV  
  38  4:46  Ghost  
  38  4:50  SCV  
  37  5:01  Marine  
  37  5:04  SCV  
  37  5:05  SCV  
  40  5:08  Missile Turret  
  40  5:10  Stimpack  
  40  5:15  Marine  
  40  5:16  Barracks  
  40  5:17  Refinery  
  40  5:18  Marine  
  40  5:20  SCV  
  42  5:21  SCV  
  43  5:32  Terran Infantry Weapons Level 1, SCV  
  43  5:33  SCV  
  43  5:34  Supply Depot  
  45  5:39  Missile Turret  
  45  5:44  Refinery, Marauder  
  47  5:53  Starport  
  47  5:54  Factory Reactor  
  47  5:56  SCV  
  48  5:57  SCV  
  48  6:01  Marauder  
  48  6:03  Barracks Reactor  
  51  6:07  Supply Depot, Marauder  
  51  6:10  SCV  
  54  6:11  SCV  
  55  6:23  SCV x2  
  55  6:26  Marauder  
  55  6:31  Marauder  
  59  6:35  SCV  
  60  6:40  Medivac x2  
  60  6:41  Marine x2  
  60  6:42  SCV  
  67  6:52  Ghost  
  67  6:56  Ghost  
  67  6:57  SCV  
  69  7:03  Marine  
  69  7:07  Combat Shields  
  69  7:08  Supply Depot  
  70  7:09  Supply Depot  
  70  7:20  Concussive Shells  
  70  7:29  SCV, Medivac, Marine  
  74  7:31  Command Center  
  74  7:33  SCV  
  75  7:44  Marine x2  
  75  7:45  Marauder  
  75  7:50  SCV  
  75  7:51  Barracks  
  80  7:52  Barracks  
  58  8:20  Marine x3  
  58  8:21  Marauder  
  57  8:30  SCV x2  
  53  8:38  Medivac x2  
  53  8:41  Marine x2  
  60  8:42  Barracks Tech Lab x2  
  60  8:45  Barracks  
  60  8:47  Barracks  
  63  8:49  Ghost  
  63  8:54  Orbital Command  
  63  8:55  SCV, Missile Turret  
  64  8:59  SCV  
  64  9:00  Terran Infantry Armor Level 1  
  63  9:06  Armory, Engineering Bay  
  63  9:08  SCV  
  64  9:13  Sensor Tower  
  64  9:16  Marine x2  
  66  9:18  SCV  
  66  9:20  SCV  
  66  9:21  Marauder  
  66  9:23  Marine x2  
  72  9:25  SCV  
  72  9:28  Marine  
  72  9:31  SCV  
  75  9:33  Marine  
  75  9:34  SCV  
  75  9:37  Refinery  
  75  9:38  Refinery  
  77  9:41  SCV  
  71  10:03  Marauder, Marine x5  
  71  10:04  Marauder x2  
  79  10:20  Marine  
  79  10:21  Medivac x2, Marine x3  
  80  10:22  Marauder  
  80  10:24  Marine  
  80  10:25  Marauder  
  77  10:30  Marauder  
  72  10:38  Marine  
  72  10:41  Marine x2  
  72  10:42  Command Center, Marine  
  78  10:43  Marauder x2  
  78  10:46  Marauder  
  82  10:50  Marine  
  82  10:56  Marine  
  84  10:59  Marine x3  
  84  11:03  Ghost  
  86  11:07  Marine  
  86  11:11  Marauder  
  86  11:14  Marine  
  86  11:15  Medivac  
  86  11:17  Medivac  
  85  11:20  Barracks Tech Lab x2  
  85  11:23  Ghost  
  86  11:48  Supply Depot x2  
  86  11:50  Supply Depot  
  86  11:53  Marine x3  
  86  11:54  SCV  
  90  11:56  Terran Infantry Weapons Level 2  
  90  12:03  SCV  
  90  12:07  Ghost  
  93  12:18  Terran Infantry Armor Level 2  
  93  12:24  Orbital Command  
  93  12:27  SCV  
  94  12:31  Marine  
  94  12:32  Marine x2  
  94  12:35  SCV  
  98  12:38  Marine x2  
  98  12:39  Marine  
  98  12:43  Personal Cloaking  
  101  12:45  Marine  
  101  12:46  Marine  
  101  12:47  SCV  
  104  12:53  Marine  
  104  12:54  Marauder, Marine  
  108  13:01  Refinery  
  108  13:02  Refinery  
  108  13:09  Marine  
  115  13:17  Supply Depot  
  115  13:19  Supply Depot  
  113  13:21  Command Center  
  113  13:22  Ghost  
  113  13:27  Marauder  
  113  13:30  Marauder  
  113  13:32  SCV x2  
  117  13:35  Marauder  
  119  13:41  Ghost  
  119  13:44  Medivac  
  119  13:48  Medivac  
  125  14:02  Ghost x2  
  125  14:09  Ghost  
  129  14:13  Missile Turret  
  131  14:22  Ghost  
  133  14:25  Sensor Tower  
  133  14:29  Supply Depot  
  133  14:30  Supply Depot  
  133  14:33  Supply Depot  
  133  14:34  Marine  
  133  14:35  Marine  
  135  14:59  Marauder x2, Marine x3  
  116  15:00  Medivac, Marauder  
  116  15:01  Medivac  
  116  15:08  Marine  
  116  15:09  Marauder  
  97  15:17  Marine x2  
  97  15:18  Marauder  
  97  15:20  Marine  
  97  15:21  Marauder, Marine  
  91  15:26  Marine  
  91  15:30  Medivac  
  91  15:31  Barracks, Orbital Command  
  91  15:33  Refinery x2  
  93  15:39  Terran Vehicle Weapons Level 1  
  93  15:40  Marine  
  93  15:41  Marauder  
  96  15:44  Marine x2  
  96  15:45  Marine  
  96  15:47  Marine  
  100  15:57  Marauder, Marine  
  100  15:58  Marine  
  100  16:02  Marauder  
  92  16:13  Medivac x2  
  92  16:15  Factory Tech Lab  
  92  16:18  Ghost x2  
  90  16:21  Barracks Tech Lab  
  94  16:26  SCV x2  
  96  16:34  Thor  
  96  16:36  Marine x2  
  104  16:42  Ghost  
  104  16:43  Marine  
  104  16:44  Marine  
  108  16:47  Medivac  
  108  16:50  Medivac  
  112  16:55  Ghost  
  112  16:56  Marine  
  109  17:19  Ghost  
  109  17:20  Ghost x2, Marine x2  
  109  17:21  Marauder  
  114  17:36  Missile Turret  
  114  17:38  Ghost x2  
  114  17:39  Marine  
  119  17:55  Marauder, Marine x4  
  125  17:59  Medivac  
  125  18:04  Marine x2  
  129  18:06  Marine  
  129  18:12  Marine x2  
  131  18:13  Marauder, Marine  
  113  18:28  Marine  
  113  18:29  Marauder x2, Marine x2  
  103  18:37  Marine x3  
  103  18:38  Marauder  
  100  18:46  Marine  
  100  18:47  Marauder, Marine  
  97  18:50  Marauder, Marine  
  97  18:55  Marauder, Marine x2  
Show
View Real Time Build Order
Export as new Build Order

ILLBdA Protoss 

Build Orders: Oracle Opening 

Get SALT Encoding   

  12  0:01  Probe (Chrono Boost)  
  13  0:11  Probe (Chrono Boost)  
  14  0:19  Pylon  
  14  0:22  Probe (Chrono Boost)  
  15  0:37  Probe (Chrono Boost)  
  15  0:40  Forge  
  16  0:48  Probe (Chrono Boost)  
  17  0:58  Probe (Chrono Boost)  
  18  1:09  Probe (Chrono Boost)  
  18  1:10  Pylon  
  19  1:18  Assimilator  
  19  1:20  Gateway, Probe (Chrono Boost)  
  20  1:31  Photon Cannon  
  20  1:36  Probe (Chrono Boost)  
  21  1:48  Pylon  
  21  2:07  Photon Cannon  
  21  2:08  Photon Cannon  
  21  2:11  Zealot (Chrono Boost)  
  23  2:27  Cybernetics Core  
  23  2:46  Nexus  
  23  2:52  Assimilator  
  24  3:04  Mothership Core (Chrono Boost)  
  25  3:15  Stargate  
  25  3:16  Pylon  
  25  3:22  Probe (Chrono Boost)  
  26  3:39  Stalker (Chrono Boost)  
  27  3:58  Oracle (Chrono Boost)  
  28  4:04  Probe  
  28  4:05  Probe  
  30  4:14  Probe  
  33  4:17  Stalker (Chrono Boost), Probe  
  34  4:25  Probe  
  34  4:26  Pylon  
  34  4:29  Probe  
  36  4:34  Phoenix (Chrono Boost)  
  36  4:35  Probe  
  39  4:41  Probe  
  39  4:45  Sentry  
  42  4:46  Probe  
  43  4:53  Probe  
  44  5:01  Pylon  
  44  5:09  Robotics Facility  
  44  5:11  Stalker  
  46  5:29  Probe  
  46  5:30  Photon Cannon, Assimilator  
  46  5:32  Phoenix (Chrono Boost)  
  49  5:36  Probe  
  49  5:41  Probe  
  51  5:45  Warp Gate  
  51  5:47  Probe  
  52  5:56  Phoenix (Chrono Boost)  
  54  6:01  Pylon  
  54  6:04  Probe  
  54  6:05  Probe  
  54  6:06  Assimilator  
  54  6:08  Stalker  
  54  6:10  Observer  
  59  6:19  Gateway  
  59  6:20  Gateway  
  59  6:22  Gateway  
  59  6:26  Probe  
  62  6:33  Phoenix (Chrono Boost)  
  59  6:48  Stalker  
  55  7:06  Immortal  
  59  7:10  Twilight Council  
  59  7:11  Probe  
  59  7:18  Pylon  
  59  7:21  Adept x2  
  59  7:22  Adept  
  65  7:26  Phoenix (Chrono Boost)  
  67  7:33  Probe  
  67  7:34  Pylon  
  67  7:53  Immortal  
  68  8:07  Adept x2  
  68  8:08  Adept  
  66  8:20  Adept  
  66  8:24  Charge (Chrono Boost)  
  68  8:27  Void Ray  
  68  8:30  Pylon  
  72  8:51  Immortal  
  76  9:13  Adept x2  
  76  9:15  Nexus  
  80  9:23  Probe  
  81  9:27  Pylon  
  81  9:28  Phoenix, Protoss Ground Armor Level 1 (Chrono Boost)  
  83  9:45  Templar Archives  
  79  10:05  Adept x4  
  82  10:28  Adept x2  
  82  10:29  Adept x2  
  80  10:43  Psionic Storm  
  80  10:45  Phoenix  
  80  10:47  Nexus, Observer  
  83  10:53  Pylon  
  83  10:56  High Templar x2  
  77  11:16  Phoenix  
  77  11:17  Immortal  
  83  11:20  Zealot x2  
  83  11:22  Probe  
  88  11:30  Probe  
  89  11:34  High Templar  
  89  11:35  Zealot  
  93  11:41  Pylon  
  93  11:42  Probe  
  94  11:48  Pylon  
  94  11:54  Pylon  
  94  11:55  High Templar x2  
  98  12:01  Probe  
  98  12:05  Assimilator x2  
  99  12:10  High Templar  
  99  12:12  Probe  
  99  12:13  Probe  
  99  12:14  Probe  
  104  12:19  Pylon  
  104  12:38  Resonating Glaives (Chrono Boost), Zealot x2  
  104  12:39  Zealot  
  110  12:46  Observer  
  110  12:48  Probe x2  
  110  12:49  Phoenix  
  110  12:50  Probe  
  116  13:01  Gateway  
  116  13:02  Gateway  
  116  13:03  High Templar x2  
  120  13:07  Archon  
  120  13:10  Protoss Ground Armor Level 2  
  120  13:13  Pylon  
  120  13:21  Probe  
  120  13:22  Probe  
  120  13:25  Pylon  
  122  13:36  High Templar x2  
  122  13:37  High Templar  
  122  13:38  Zealot  
  130  13:54  Probe  
  131  13:57  Dark Shrine  
  131  14:03  High Templar  
  131  14:04  Nexus, High Templar  
  131  14:05  Zealot  
  131  14:06  Pylon  
  131  14:09  Zealot x2  
  140  14:12  High Templar  
  142  14:27  Zealot  
  142  14:28  Zealot x2  
  116  15:04  Void Ray  
  118  15:08  Archon x2  
  108  15:17  High Templar x2  
  108  15:18  Zealot x2, High Templar x2  
  114  15:29  Gateway  
  114  15:30  Probe  
  114  15:31  Probe x2, Gateway  
  114  15:32  Probe, Gateway  
  114  15:35  Gateway  
  118  15:36  High Templar  
  118  15:41  Immortal  
  124  15:47  Void Ray  
  124  15:48  Fleet Beacon  
  128  15:50  High Templar  
  128  15:53  Probe  
  130  16:09  Archon x2  
  114  16:23  Probe  
  114  16:25  Assimilator  
  115  16:26  Assimilator  
  115  16:29  Void Ray  
  119  16:33  Stargate x2  
  119  16:34  Zealot x2  
  123  16:41  High Templar  
  125  16:53  Probe, Pylon  
  126  16:55  Probe  
  126  16:56  Photon Cannon  
  126  16:57  Dark Templar  
  118  17:12  Tempest  
  114  17:24  Phoenix x2  
  114  17:26  Zealot x2  
  114  17:27  Zealot  
  114  17:29  Probe  
  125  17:34  Probe  
  126  17:38  Anion Pulse-Crystals (Chrono Boost)  
  126  17:47  Zealot  
  126  17:49  Phoenix x2 (Chrono Boost)  
  132  17:56  Pylon  
  132  17:57  Phoenix (Chrono Boost)  
  134  18:08  Zealot x2  
  134  18:10  High Templar  
  140  18:13  Tempest (Chrono Boost)  
  140  18:20  Archon  
  91  18:36  Adept x4  
  91  18:37  Adept x5  
  73  18:55  Adept x2  
  73  19:00  Dark Templar  
  77  19:09  Dark Templar  
  75  19:12  Adept  
  75  19:13  Zealot x3  
Tags
 
Add a new tag
Caveats
  • Supply blocks, unpowered buildings, or Contaminate may cause inaccurate times.
  • Supply counts are checked every 10 seconds.